 Dungeon Crawl Stone Soup version 0.16-a0-2063-g87d9768 (webtiles) character file.

222670 Demise101 the Fencer (level 19, -2/161 HPs)
             Began as a Formicid Fighter on Nov 11, 2014.
             Was the Champion of Lugonu.
             Slain by a freezing wraith (11 damage)
             ... summoned by Lugonu's corruption
             ... on level 1 of the Vaults.
             The game lasted 02:12:01 (56392 turns).

Demise101 the Fencer (Formicid Fighter)            Turns: 56392, Time: 02:12:01

Health: -2/161     AC: 24    Str: 22    XL:     19   Next: 47%
Magic:  36/41      EV: 13    Int: 12    God:    Lugonu [******]
Gold:   1315       SH: 12    Dex: 11    Spells: 1 memorised, 15 levels left

rFire  + . .     SeeInvis +     a - +9 triple sword (venom)
rCold  + + +     Clarity  .     h - +1 ring mail "Ywehaos" {rF+ rC++ rN+ Stlth+}
rNeg   + + .     SustAb   .     c - +1 shield
rPois  +         Gourm    .     (helmet unavailable)
rElec  .         Spirit   .     D - +1 ratskin cloak {rPois rN+ Int-1 Dex-1}
rCorr  .         Warding  .     N - +2 pair of gloves {archery}
rMut   .         Stasis   +     E - +2 pair of boots
MR     +....                    O - amulet of regeneration
Stlth  ++........               C - +5 ring of protection
                                l - ring "Groete" {rC+ MP+9 Slay+3}

@: somewhat resistant to hostile enchantments, unstealthy
A: permanent stasis, dig shafts and tunnels, four strong arms, antennae 3
a: Dig, Shaft Self, Depart the Abyss, Bend Space, Banish, Corrupt, Enter the
Abyss, Renounce Religion
}: 2/15 runes: decaying, gossamer


You were on level 1 of the Vaults.
You worshipped Lugonu.
Lugonu was exalted by your worship.
You were not hungry.

You visited 7 branches of the dungeon, and saw 39 of its levels.
You also visited: Labyrinth, Ice Cave and Volcano.

You collected 3581 gold pieces.
You spent 2266 gold pieces at shops.

Inventory:

Hand weapons
 a - a +9 triple sword of venom (weapon)
 b - a +0 blowgun
 P - a +7 great sword of holy wrath
 Z - a +6 scimitar of flaming
Missiles
 m - 37 poisoned needles
 u - 3 throwing nets (quivered)
 B - 5 curare-tipped needles
Armour
 c - a +1 shield (worn)
 h - the +1 ring mail "Ywehaos" (worn) {rF+ rC++ rN+ Stlth+}
   (You found it on level 6 of the Lair of Beasts)

   It protects you from fire.
   It greatly protects you from cold.
   It protects you from negative energy.
   It makes you more stealthy.
 D - the +1 ratskin cloak (worn) {rPois rN+ Int-1 Dex-1}
   (You found it in a labyrinth)

   It affects your intelligence (-1).
   It affects your dexterity (-1).
   It protects you from poison.
   It protects you from negative energy.
 E - a +2 pair of boots (worn)
 N - a +2 pair of gloves of archery (worn)
Rods
 J - a +1 rod of inaccuracy (9/9)
   (You found it in a labyrinth)
Jewellery
 l - the ring "Groete" (left hand) {rC+ MP+9 Slay+3}
   (You bought it in a shop on level 4 of the Orcish Mines)

   [ring of magical power]

   It affects your accuracy and damage with ranged weapons and melee attacks
   (+3).
   It protects you from cold.
   It affects your magic capacity (+9).
 n - an uncursed amulet of clarity
 C - a +5 ring of protection (right hand)
 O - an amulet of regeneration (around neck)
Magical devices
 d - a wand of disintegration (4)
 v - a wand of disintegration (11)
 y - a wand of cold (15)
 z - a wand of digging (20)
 G - a wand of teleportation (4)
 K - a wand of fire (5)
 Q - a wand of cold (4)
Scrolls
 g - 6 scrolls of identify
 i - 3 scrolls of silence
 k - 10 scrolls of remove curse
 q - 5 scrolls of recharging
 t - a scroll of magic mapping
 H - a scroll of fear
 R - 4 scrolls of fog
Potions
 e - a potion of flight
 j - 2 potions of brilliance
 r - 3 potions of curing
 s - 3 potions of cancellation
 w - a potion of might
 I - 3 potions of restore abilities
 T - a potion of agility
 X - a potion of magic
Miscellaneous
 o - a stone of tremors
 p - a sack of spiders {used: 2}
 A - a sack of spiders {used: 1}
 L - a disc of storms
 V - a fan of gales
Comestibles
 f - 4 meat rations
 x - 29 fruits
 F - 11 slices of pizza
 M - 8 bread rations


   Skills:
 + Level 17.4 Fighting
 * Level 20.4 Long Blades
 + Level 13.8 Armour
 - Level 10.0 Dodging
 - Level 7.0 Shields
 - Level 10.0 Invocations
 + Level 5.8 Evocations


You had 15 spell levels left.
You knew the following spells:

 Your Spells              Type           Power        Failure   Level  Hunger
a - Regeneration          Chrm/Necr      #.........   96%         3    ####...


Dungeon Overview and Level Annotations

Branches:
Dungeon (15/15)            Temple (1/1) D:7            Lair (8/8) D:11
  Swamp (5/5) Lair:3       Spider (5/5) Lair:5        Slime (0/6) Lair:6
    Orc (4/4) D:12            Elf (0/3) Orc:4        Vaults (1/5) D:13
 Depths (0/5) D:15

Altars:
Ashenzari
Cheibriados
Dithmenos
Elyvilon
Fedhas
Gozag
Kikubaaqudgha
Makhleb
Nemelex Xobeh
Okawaru
Qazlal
Ru
Sif Muna
Trog
Vehumet
Xom
Yredelemnul
Zin
The Shining One
Lugonu

Shops:
D:7 ?*   D:9 (   D:11 ?   D:13 }   Orc:3 }   Orc:4 ([*:==[

Annotations:
D:3 Fiveotanaka's ghost, average OgBe
Lair:4 exclusion: oklob plant


Innate Abilities, Weirdness & Mutations

You are under a permanent stasis effect.
You can dig through walls and to a lower floor.
Your four strong arms can wield two-handed weapons with a shield.
You have a pair of large antennae on your head (SInv).


Message History

The small abomination misses the deep elf mage.
The small abomination hits the red ugly thing!
The ufetubus hits the deep elf knight.
The deep elf knight dies!
Unknown command.
Unknown command.
Unknown command.
Unknown command.
Unknown command.
Drink which item? (? for menu, Esc to quit)
You feel better.
The deep elf fighter hits the white very ugly thing with a long sword.
The deep elf fighter writhes in pain as voices assail its mind.
The white very ugly thing pecks the red ugly thing!!
The white very ugly thing freezes the red ugly thing!!!
The red ugly thing dies!
A starcursed mass splits.
The chaos spawn hits you but does no damage.
The freezing wraith hits you!
You die...

......# #.>.........# ......#
####.....#### ......# #{....#
......# #.{{..# ......# #§#####
####### ####Xv# #
##########.###3#x)R##..#######
..........§.XXXXu§.v.Wx........
............X5Z3@eexe†3........
###########.#X#W######55#######
XG#{ ..{{ ###{ { ^^.# .eu# ''s#
'..# ...# .


You could see a deep elf knight (invisible), a deep elf fighter (invisible), a
deep elf mage, 5 neutral starcursed masses, a neutral white very ugly thing, a
neutral tentacled starspawn, 2 neutral spatial vortices, 2 neutral large
abominations, a neutral freezing wraith (wandering), a neutral eye of draining,
a neutral smoke demon, a neutral efreet, a neutral neqoxec (wandering), a
neutral chaos spawn (wandering), 3 neutral small abominations, a neutral shadow,
a neutral iron imp (wandering), a neutral white imp, a neutral ufetubus and a
neutral naga skeleton.

Vanquished Creatures
  Arachne (Spider:5)
  2 thorn hunters
  3 ghost moths (Spider:5)
  Donald (Swamp:2)
  A vault warden (Vaults:1)
  Maud (Lair:3)
  4 emperor scorpions (Spider:5)
  A stone giant (Orc:4)
  Azrael (Spider:1)
  A minotaur (Lab)
  Josephine (D:11)
  A vault guard (D:13)
  A yaktaur captain (D:15)
  17 hydras
  Fannar (Lair:2)
  4 centaur warriors
  An ogre mage (D:15)
  An orc high priest (Orc:4)
  6 death yaks
  9 alligators
  Nergalle (Lair:1)
  A catoblepas (Lair:6)
  2 unseen horrors (D:10)
  10 swamp dragons
  2 spriggan druids
  A harpy (shapeshifter) (D:15)
  An ice statue (IceCv)
  5 hill giants
  3 shambling mangroves
  4 orc sorcerers (Orc:4)
  2 necromancers
  2 oklob plants (Lair:7)
  2 griffons
  23 wolf spiders
  16 orb spiders
  3 cyclopes
  A manticore (D:15)
  An orc knight (Orc:3)
  29 ugly things
  8 red wasps
  10 black mambas
  5 elephants (Lair:6)
  2 moths of wrath (Spider:2)
  Joseph (D:8)
  36 spiny frogs
  A kobold demonologist (D:11)
  2 yaktaurs
  10 demonic crawlers
  2 fire drakes
  A silent spectre (Vaults:1)
  4 trolls
  10 komodo dragons
  3 tengu conjurers (D:14)
  An anaconda simulacrum (IceCv)
  A queen bee (shapeshifter) (D:15)
  7 giant leeches
  30 jumping spiders
  2 polar bears
  11 ravens
  A wolf spider simulacrum (IceCv)
  5 two-headed ogres
  22 blink frogs
  A boulder beetle (Lair:8)
  17 slime creatures
  4 bog bodies
  27 trapdoor spiders
  7 deep elf magi
  33 yaks
  6 basilisks
  44 redbacks
  2 griffon skeletons (D:11)
  7 spriggans
  33 tarantellas
  A shadow (D:14)
  A water elemental (D:12)
  A wraith (D:11)
  2 fire elementals (Spider:1)
  23 vampire mosquitoes
  Grum (D:13)
  A hill giant zombie (D:10)
  12 hippogriffs
  A hog (D:7)
  23 humans
  13 wolves
  A death yak simulacrum (IceCv)
  25 swamp worms
  A neqoxec (Orc:4)
  An iron troll simulacrum (IceCv)
  2 harpy simulacra (IceCv)
  2 hell hounds (Spider:1)
  5 hydra simulacra (IceCv)
  A steam dragon (D:15)
  3 wargs
  7 porcupines
  A tengu skeleton (D:11)
  A mottled dragon (D:11)
  31 spiders
  2 ice beasts
  24 orc warriors
  An eye of draining (D:13)
  2 phantoms
  13 swamp drakes
  3 sky beasts
  A black bear (D:12)
  24 water moccasins
  An ice dragon simulacrum (D:15)
  A necrophage (D:7)
  8 yellow wasps
  5 ogres
  18 centaurs
  2 boring beetles
  16 crocodiles
  6 big kobolds
  42 giant frogs
  16 insubstantial wisps
  A gnoll sergeant (D:6)
  A komodo dragon skeleton (D:11)
  8 scorpions
  19 killer bees
  5 electric eels
  3 hippogriff skeletons
  7 wights
  3 goliath beetles
  7 crimson imps
  An elf zombie (D:14)
  7 hounds
  30 orc priests
  5 jellies
  A quasit (D:10)
  16 worker ants
  2 giant frog skeletons
  3 yak simulacra (Lair:2)
  4 polar bear simulacra (Lair:2)
  A troll simulacrum (IceCv)
  40 orc wizards
  2 spriggan simulacra (IceCv)
  3 wolf simulacra
  9 iguanas
  A killer bee zombie (D:5)
  19 sheep
  Ijyb (D:7)
  7 centaur simulacra (IceCv)
  3 mummies
  A worker ant zombie (D:11)
  An ogre simulacrum (IceCv)
  23 adders
  24 gnolls
  41 green rats
  3 naga simulacra (IceCv)
  4 shadow imps
  A steam dragon skeleton (D:7)
  4 giant mites
  16 white imps
  3 worms
  3 ufetubi (IceCv)
  An orc skeleton (D:5)
  3 adder skeletons
  3 giant geckos
  143 orcs
  2 bat skeletons
  A bat zombie (D:7)
  5 giant cockroaches
  15 hobgoblins
  An ooze (Lair:6)
  17 quokkas
  A ball python (D:6)
  17 bats
  4 giant newts
  4 giant spores
  22 goblins
  A goblin zombie (D:5)
  2 green rat simulacra (Lair:2)
  7 jackals
  35 kobolds
  A kobold skeleton (D:4)
  18 rats
  A spectral orc (Lair:1)
  8 ballistomycetes
  2 briar patches (Swamp:4)
  A bush (Lair:1)
  A butterfly (D:7)
1517 creatures vanquished.

Vanquished Creatures (collateral kills)
  A hydra (Swamp:5)
  A swamp dragon (Swamp:5)
2 creatures vanquished.

Vanquished Creatures (others)
  A vault warden (Vaults:1)
  An alligator (Swamp:5)
  A death yak (Lair:6)
  A deep elf knight (Vaults:1)
  3 spatial maelstroms (Vaults:1)
  2 swamp dragons (Swamp:5)
  2 oklob plants (Lair:1)
  A deep elf conjurer (Vaults:1)
  A wizard (D:14)
  A wolf spider (Lair:7)
  3 ugly things (Vaults:1)
  A torpor snail (Lair:6)
  A smoke demon (Vaults:1)
  A large abomination (Vaults:1)
  An air elemental (Swamp:5)
  A raiju (Vaults:1)
  A deep elf mage (D:14)
  An orc warrior (D:12)
  An ogre (D:8)
  3 spiders
  A crocodile (Lair:6)
  A giant frog (Lair:6)
  A killer bee (D:9)
  An orc priest (D:12)
  3 small abominations (Vaults:1)
  A giant mite (Vaults:1)
  3 ufetubi (IceCv)
  3 white imps
  A quokka (D:8)
  7 fungi
  3 plants
53 creatures vanquished.

Grand Total: 1572 creatures vanquished

Notes
Turn   | Place    | Note
--------------------------------------------------------------
     0 | D:1      | Demise101, the Formicid Fighter, began the quest for the Orb.
     0 | D:1      | Reached XP level 1. HP: 18/18 MP: 1/1
   285 | D:1      | Reached XP level 2. HP: 20/24 MP: 2/3
   792 | D:2      | Reached XP level 3. HP: 30/30 MP: 4/4
   924 | D:2      | Reached skill level 4 in Fighting
  1080 | D:2      | Found a burning altar of Makhleb.
  1210 | D:2      | Reached XP level 4. HP: 28/37 MP: 5/5
  1674 | D:2      | Reached XP level 5. HP: 41/43 MP: 7/7
  1829 | D:3      | Found a shattered altar of Ashenzari.
  1909 | D:3      | Found a basalt altar of Yredelemnul.
  2001 | D:3      | Found a shimmering altar of Xom.
  2133 | D:3      | Noticed Fiveotanaka's ghost (average OgBe)
  2784 | D:4      | Found a glowing golden altar of the Shining One.
  2856 | D:4      | Found Zin's Purification Station.
  2859 | D:4      | Found a glowing silver altar of Zin.
  2862 | D:4      | Bought a potion of curing for 60 gold pieces
  2905 | D:4      | Got a crude pewter amulet
  2969 | D:4      | Reached skill level 5 in Long Blades
  2969 | D:4      | Reached XP level 6. HP: 50/50 MP: 8/8
  3000 | D:4      | Identified the amulet "Bouxtony" {+Rage rC++} (You found it on level 4 of the Dungeon)
  3068 | D:4      | Reached skill level 5 in Fighting
  3296 | D:4      | Noticed an orc warrior
  3315 | D:4      | Killed an orc warrior
  3315 | D:4      | Reached XP level 7. HP: 26/56 MP: 9/9
  3321 | D:4      | Reached skill level 6 in Long Blades
  4185 | D:5      | Entered Level 5 of the Dungeon
  4385 | D:5      | Found a snail-covered altar of Cheibriados.
  5212 | D:5      | Reached skill level 7 in Long Blades
  5212 | D:5      | Reached XP level 8. HP: 61/64 MP: 11/11
  6126 | D:6      | Found a bloodstained altar of Trog.
  6243 | D:6      | Reached skill level 8 in Long Blades
  7136 | D:6      | Reached XP level 9. HP: 63/72 MP: 12/12
  7246 | D:7      | Reached skill level 9 in Long Blades
  7256 | D:7      | Found Struid's Serpentskin Sales.
  7272 | D:7      | Bought 8 poisoned needles for 44 gold pieces
  7757 | D:7      | Found a staircase to the Ecumenical Temple.
  7885 | Temple   | Entered the Ecumenical Temple
  7921 | Temple   | Became a worshipper of Lugonu the Unformed
  7921 | Temple   | Acquired Lugonu's first power
  8077 | D:7      | Reached skill level 10 in Long Blades
  8404 | D:7      | Noticed Ijyb
  8415 | D:7      | Killed Ijyb
  8432 | D:7      | Found Goikh's Magic Scroll Shop.
  8440 | D:7      | Bought a scroll of identify for 30 gold pieces
  8440 | D:7      | Bought a scroll of identify for 30 gold pieces
  8517 | D:7      | Acquired Lugonu's second power
  8822 | D:8      | Reached skill level 1 in Invocations
  8822 | D:8      | Reached XP level 10. HP: 77/82 MP: 14/14
  9062 | D:8      | Found a sacrificial altar of Ru.
  9202 | D:8      | Reached skill level 11 in Long Blades
  9298 | D:8      | Found a blossoming altar of Fedhas.
  9421 | D:8      | Noticed Joseph
  9447 | D:8      | Killed Joseph
  9664 | D:8      | Found a white marble altar of Elyvilon.
 10106 | D:9      | Acquired Lugonu's third power
 10179 | D:9      | Found Ygolitif's Weapon Boutique.
 10522 | D:9      | Found an iron altar of Okawaru.
 10730 | D:9      | Found a bloodstained altar of Trog.
 10854 | D:10     | Entered Level 10 of the Dungeon
 10906 | D:10     | Acquired Lugonu's fourth power
 11164 | D:10     | Reached skill level 12 in Long Blades
 11918 | D:10     | Noticed an unseen horror
 11930 | D:10     | Killed an unseen horror
 11930 | D:10     | Reached skill level 10 in Fighting
 11930 | D:10     | Reached skill level 5 in Invocations
 11930 | D:10     | Reached XP level 11. HP: 83/90 MP: 22/22
 12418 | D:10     | Noticed an unseen horror
 12425 | D:10     | Killed an unseen horror
 12999 | D:11     | Got a turquoise-encrusted leather armour
 13027 | D:11     | Acquired Lugonu's fifth power
 13171 | D:11     | Identified the cursed +3 leather armour of Sunlight {Dex+2 Stlth--} (You took it off a kobold on level 11 of the Dungeon)
 13183 | D:11     | Noticed a cyan ugly thing
 13211 | D:11     | Killed a cyan ugly thing
 13511 | D:11     | Found a staircase to the Lair.
 13545 | D:11     | Found Crimegow's Magic Scroll Shoppe.
 13558 | D:11     | Reached skill level 13 in Long Blades
 13562 | D:11     | Noticed Josephine
 13563 | D:11     | Bought a scroll of recharging for 133 gold pieces
 13563 | D:11     | Bought a scroll of remove curse for 42 gold pieces
 13578 | D:11     | Killed Josephine
 13927 | D:11     | Noticed a cyclops
 14136 | D:11     | Killed a cyclops
 14221 | D:11     | Noticed a hill giant
 14247 | D:11     | Killed a hill giant
 14788 | D:11     | Reached XP level 12. HP: 77/100 MP: 25/25
 14936 | Lair:1   | Entered Level 1 of the Lair of Beasts
 14936 | Lair:1   | Noticed a four-headed hydra
 14943 | Lair:1   | Killed a four-headed hydra
 14973 | Lair:1   | Noticed Nergalle
 14994 | Lair:1   | Found a dark tunnel.
 15012 | Volcano  | Entered a volcano
 15061 | Lair:1   | Killed Nergalle
 15716 | Lair:1   | Reached skill level 14 in Long Blades
 15921 | Lair:1   | Noticed a four-headed hydra
 15955 | Lair:1   | Killed a one-headed hydra
 17099 | Lair:2   | Noticed Fannar
 17110 | Lair:2   | Killed Fannar
 17945 | Lair:2   | Reached XP level 13. HP: 79/108 MP: 28/28
 18206 | Lair:2   | Reached skill level 10 in Invocations
 18383 | Lair:2   | Noticed a six-headed hydra
 18397 | Lair:2   | Killed a one-headed hydra
 18397 | Lair:2   | Reached skill level 15 in Long Blades
 19195 | Lair:3   | Noticed Maud
 19209 | Lair:3   | Killed Maud
 19209 | Lair:3   | Reached skill level 5 in Armour
 19275 | Lair:3   | Reached skill level 5 in Shields
 19276 | Lair:3   | Found a staircase to the Swamp.
 23342 | Lair:5   | Found a hole to the Spider Nest.
 24216 | Lair:5   | Reached XP level 14. HP: 103/118 MP: 29/29
 25913 | Lair:6   | Got a crude ring mail
 25924 | Lair:6   | Identified the +1 ring mail "Ywehaos" {rF+ rC++ rN+ Stlth+} (You found it on level 6 of the Lair of Beasts)
 25955 | Lair:6   | Reached skill level 1 in Dodging
 26293 | Lair:6   | Found a staircase to the Slime Pits.
 27604 | Lair:7   | Identified a scroll of acquirement
 28739 | Lair:8   | Entered Level 8 of the Lair of Beasts
 30681 | Lair:8   | Reached XP level 15. HP: 103/127 MP: 30/30
 31708 | Lair:8   | Reached skill level 16 in Long Blades
 31974 | Lair:8   | Reached skill level 5 in Dodging
 33376 | D:12     | Reached skill level 10 in Armour
 33492 | D:12     | Found a staircase to the Orcish Mines.
 34498 | D:12     | Found a stormy altar of Qazlal.
 34569 | D:13     | Found Piwogir's Gadget Boutique.
 34613 | D:13     | Reached skill level 15 in Fighting
 34672 | D:13     | Found a labyrinth entrance.
 34688 | Lab      | Entered a labyrinth
 35127 | Lab      | Got a warped turquoise ring
 35133 | Lab      | Identified the ring of Juezinat {Str-2 Int+5} (You took it off a minotaur in a labyrinth)
 35168 | Lab      | Identified a +1 rod of inaccuracy (9/9) (You found it in a labyrinth)
 35788 | D:13     | Found a gate to the Vaults.
 35999 | D:13     | Noticed Grum
 36004 | D:13     | Killed Grum
 36274 | D:13     | Reached XP level 16. HP: 127/136 MP: 30/30
 36514 | D:14     | Reached skill level 17 in Long Blades
 36905 | D:14     | Found a bloodstained altar of Trog.
 37346 | D:15     | Entered Level 15 of the Dungeon
 37422 | D:15     | Found a staircase to the Depths.
 37926 | D:15     | Found a shadowy altar of Dithmenos.
 38784 | Orc:1    | Entered Level 1 of the Orcish Mines
 39174 | Orc:3    | Upgraded the game from 0.16-a0-2038-g968ce0a to 0.16-a0-2063-g87d9768
 39391 | Orc:4    | Entered Level 4 of the Orcish Mines
 39413 | Orc:4    | Found Nakhlais' Antique Armour Emporium.
 39622 | Orc:4    | Found a bloodstained altar of Trog.
 39689 | Orc:4    | Found Kesideb's Jewellery Boutique.
 39689 | Orc:4    | Found a staircase to the Elven Halls.
 39833 | Orc:4    | Found Ylal Ost's Antique Armour Emporium.
 40050 | Orc:3    | Found Gheschabe's Gadget Shop.
 40751 | Orc:4    | Found Ontix's Assorted Antiques.
 41105 | Orc:4    | Found Vuj Ixze's Weapon Shop.
 41105 | Orc:4    | Found Clijiapi's Book Boutique.
 41110 | Orc:4    | Found Idetoud's Jewellery Boutique.
 41139 | Orc:4    | Bought the ring "Groete" {rC+ MP+9 Slay+3} for 559 gold pieces
 41143 | Orc:4    | Bought a scroll of enchant weapon for 172 gold pieces
 41143 | Orc:4    | Bought a scroll of acquirement for 1196 gold pieces
 41978 | Spider:1 | Entered Level 1 of the Spider Nest
 42614 | Spider:1 | Noticed Azrael
 42625 | Spider:1 | Killed Azrael
 42633 | Spider:1 | Reached skill level 18 in Long Blades
 42714 | Spider:1 | Reached XP level 17. HP: 144/144 MP: 31/31
 46843 | Swamp:1  | Entered Level 1 of the Swamp
 47123 | Swamp:1  | Found a blossoming altar of Fedhas.
 47938 | Swamp:2  | Learned a level 3 spell: Regeneration
 48012 | Swamp:2  | Noticed Donald
 48047 | Swamp:2  | Killed Donald
 48715 | Swamp:3  | Reached skill level 19 in Long Blades
 48831 | Swamp:3  | Reached XP level 18. HP: 119/153 MP: 32/32
 50951 | Swamp:5  | Entered Level 5 of the Swamp
 52134 | Swamp:5  | Reached skill level 10 in Dodging
 52498 | Swamp:5  | Got a decaying rune of Zot
 52519 | Swamp:5  | my god
 52519 | Swamp:5  | finally
 52972 | Spider:5 | Entered Level 5 of the Spider Nest
 52985 | Spider:5 | Reached skill level 1 in Evocations
 53065 | Spider:5 | Found a frozen archway.
 53094 | IceCv    | Entered an ice cave
 54023 | Spider:5 | Reached skill level 20 in Long Blades
 54023 | Spider:5 | Reached XP level 19. HP: 151/161 MP: 8/32
 54475 | Spider:5 | Got a gossamer rune of Zot
 54601 | Spider:5 | Noticed Arachne
 54654 | Spider:5 | Killed Arachne
 54844 | Spider:5 | Reached skill level 5 in Evocations
 55748 | Vaults:1 | Entered Level 1 of the Vaults
 56384 | Vaults:1 | Corrupted Vaults:1
 56391 | Vaults:1 | HP: 2/161 [freezing wraith[Lugonu's corruption] (8)]
 56392 | Vaults:1 | Slain by a freezing wraith

Action                   |  1- 3 |  4- 6 |  7- 9 | 10-12 | 13-15 | 16-18 | 19-21 || total
-------------------------+-------+-------+-------+-------+-------+-------+-------++-------
Melee: Long sword        |   117 |   170 |   600 |   155 |       |       |       ||  1042
       Scimitar          |       |       |       |   676 |   700 |   212 |    17 ||  1605
       Triple sword      |       |       |       |       |   718 |  1563 |   195 ||  2476
 Fire: Blowgun           |       |     4 |    25 |    30 |    11 |       |       ||    70
Throw: Throwing net      |       |       |     1 |     2 |     3 |       |       ||     6
Invok: Bend Space        |       |       |       |     1 |     1 |     5 |       ||     7
       Banish            |       |       |       |     7 |     3 |     3 |       ||    13
       Corrupt           |       |       |       |       |       |       |     1 ||     1
 Abil: Dig               |     1 |     1 |     4 |    12 |    44 |    28 |     4 ||    94
Evoke: Wand              |       |       |       |    30 |    21 |     5 |       ||    56
       Stone of tremors  |       |       |       |       |     1 |     1 |       ||     2
       Disc of storms    |       |       |       |       |       |     4 |     2 ||     6
       Sack of spiders   |       |       |       |       |       |     2 |     1 ||     3
       Fan of gales      |       |       |       |       |       |     1 |       ||     1
       Phantom mirror    |       |       |       |       |       |     1 |       ||     1
  Use: Scroll            |     3 |     2 |    13 |    18 |    18 |    17 |     2 ||    73
       Potion            |       |     6 |     1 |     4 |     5 |     7 |     4 ||    27
 Stab: Paralysed         |       |       |       |     4 |       |       |       ||     4
       Sleeping          |       |       |       |       |     2 |     1 |       ||     3
       Distracted        |       |       |       |       |     2 |     1 |       ||     3
       Confused          |       |       |       |       |     1 |     1 |       ||     2
       Invisible         |       |       |       |       |       |     3 |     4 ||     7
  Eat: Chunk             |     1 |     4 |    12 |     8 |    31 |    39 |       ||    95
       Bread ration      |       |     1 |       |     5 |     5 |       |       ||    11
       Meat ration       |       |       |     1 |       |     1 |     8 |     2 ||    12
       Royal jelly       |       |       |       |     1 |       |       |       ||     1
       Pizza             |       |       |       |     1 |       |       |       ||     1
       Beef jerky        |       |       |       |       |     6 |     3 |     1 ||    10
       Fruit             |       |       |       |       |       |     6 |       ||     6
